[Event "Late-Titled-Tuesday-Blitz-February-13-2024"]
[Site "Chess.com"]
[Date "2024.02.13"]
[Round "3"]
[White "HajiyevKanan"]
[Black "FredddieCroderg"]
[Result "0-1"]
[WhiteElo "2497"]
[BlackElo "2286"]
[TimeControl "180+1"]
[EndTime "14:27:37 PST"]
[Termination "FredddieCroderg won by checkmate"]

1. d4 d5 2. c4 e6 3. cxd5 exd5 4. Nc3 Nf6 5. Qc2 Be7 6. Bg5 O-O 7. e3 Re8 8. Bd3 h6 9. Bf4 c5 10. dxc5 Nc6 11.
Nf3 d4 12. Nb5 Nb4 13. Qe2 dxe3 14. O-O-O Nxd3+ 15. Rxd3 Qa5 16. Ra3 Qb4 17. Bd6 Bd7 18. Rb3 Bxb5 19. Qxb5 Qxb5 20. Rxb5 Bxd6 21. cxd6 exf2 22.
Rf1 Re2 23. Rc5 Rae8 24. Kd1 Rxb2 25. Nd2 Rxd2+ 26. Kxd2 Ne4+ 27. Kd3 Nxc5+ 28. Kd4 b6 29. Rxf2 Rd8 30. Kd5 Kf8 31. Kc6 Rc8+ 32. Kd5 Ke8 33. Re2+ Ne6 34. a4 Rc5+ 35. Ke4 Kd7 36. Rf2 Kxd6 37.
h4 Rc4+ 38. Kd3 Rf4 39. Rc2 Rxa4 40. g3 Rg4 41. Rc8 Rxg3+ 42. Ke4 Rg4+ 43. Kf5 Rd4 44. Ra8 a5 45. h5 Rf4# 0-1

[Event "Late-Titled-Tuesday-Blitz-February-13-2024"]
[Site "Chess.com"]
[Date "2024.02.13"]
[Round "3"]
[White "Bugcrusher"]
[Black "tteshan"]
[Result "1-0"]
[WhiteElo "2475"]
[BlackElo "2642"]
[TimeControl "180+1"]
[EndTime "14:27:38 PST"]
[Termination "Bugcrusher won by checkmate"]

1. d4 g6 2. Bf4 Bg7 3. Nc3 d6 4. Nf3 a6 5. a4 Bg4 6. Qd2 Nc6 7. d5 Nb4 8. h3 Bxf3 9. gxf3 Nf6 10. e4 Nd7 11. h4 Ne5 12. Be2 h5 13. Be3 c5 14. dxc6 bxc6 15. a5 c5 16. Nd5 Nec6 17. c3 Nxd5 18. Qxd5 Qc7 19. f4 e6 20. Qa2 Qb7 21. Rg1 Bf6 22. f5 exf5 23. exf5 gxf5 24. O-O-O O-O-O 25. Bf3 Rd7 26. Qd5 Nxa5 27.
Qxf5 Qb3 28. Qxf6 Rhd8 29. Bd5 c4 30. Qd4 Qa2 31. Qb6 Nb3+ 32. Kc2 Rc7 33. Be4 d5 34. Bf5+ Rdd7 35. Rg8# 1-0

[Event "Late-Titled-Tuesday-Blitz-February-13-2024"]
[Site "Chess.com"]
[Date "2024.02.13"]
[Round "3"]
[White "martinmena"]
[Black "Boninknights"]
[Result "0-1"]
[WhiteElo "2135"]
[BlackElo "2369"]
[TimeControl "180+1"]
[EndTime "14:27:40 PST"]
[Termination "Boninknights won on time"]

1. c4 Nc6 2. g3 e5 3. Bg2 f5 4. Nc3 Nf6 5. e3 Bb4 6. Nge2 O-O 7. O-O Bxc3 8. Nxc3 d6 9. d4 Kh8 10. b3 Rb8 11. Bb2 a6 12. Rc1 e4 13. Ne2 Nb4 14. Qd2 Nd3 15. Rcd1 c6 16. Ba3 b5 17. Nc1 bxc4 18.
bxc4 Nxc1 19. Rxc1 Be6 20. Qc3 Rf7 21. Rb1 Rfb7 22. Rb3 d5 23. c5 Rxb3 24. axb3 g5 25. Bb4 f4 26. exf4 gxf4 27. gxf4 Nh5 28. Ba5 Qh4 29.
Bc7 Nxf4 30. Bxb8 Ne2+ 31. Kh1 Nxc3 32. Be5+ Kg8 33. Rg1 Kf7 34. Bf1 Bg4 35. Bg3 Bf3+ 36. Bg2 Qh3 37. Bxf3 exf3 38. Be5 Ne2 39. Rg7+ Kf8 40.
Rg5 Qf1+ 0-1

[Event "Late-Titled-Tuesday-Blitz-February-13-2024"]
[Site "Chess.com"]
[Date "2024.02.13"]
[Round "3"]
[White "gomeschess02"]
[Black "Chessdude1987"]
[Result "0-1"]
[WhiteElo "2177"]
[BlackElo "2384"]
[TimeControl "180+1"]
[EndTime "14:27:41 PST"]
[Termination "Chessdude1987 won by resignation"]

1. e4 e6 2. d4 d5 3. Nc3 Nf6 4. e5 Nfd7 5. f4 c5 6. Nf3 Nc6 7. Be3 a6 8. Qd2 Qb6 9. O-O-O Qc7 10. dxc5 Nxc5 11. Nd4 Be7 12. Kb1 Nxd4 13. Bxd4 b5 14. f5 b4 15. Ne2 Ne4 16. Qe3 exf5 17. Nf4 Be6 18. Bd3 O-O 19. h3 a5 20. Rhg1 a4 21. g4 fxg4 22. hxg4 a3 23. Bxe4 dxe4 24. Qxe4 axb2 25. Bxb2 Bxa2+ 26. Kc1 b3 27. c3 Ba3 28.
Nd5 Bxb2+ 29. Kxb2 Qa7 30. Qb4 Rfb8 31. Ne7+ Kh8 32.
Qd6 Qf2+ 33. Qd2 Qxd2+ 34. Rxd2 Re8 35. Nc6 Rac8 36. Nb4 Rxe5 37. Rgd1 h6 38. Rf1 Kg8 39. Rd7 Re2+ 40. Ka1 Ra8 41. Nd3 b2+ 42. Nxb2 Be6+ 0-1

[Event "Late-Titled-Tuesday-Blitz-February-13-2024"]
[Site "Chess.com"]
[Date "2024.02.13"]
[Round "3"]
[White "TheSilmarils"]
[Black "nj123456"]
[Result "1-0"]
[WhiteElo "2853"]
[BlackElo "2351"]
[TimeControl "180+1"]
[EndTime "14:27:44 PST"]
[Termination "TheSilmarils won on time"]

1. Nf3 Nf6 2. c4 e6 3. g3 d5 4. Bg2 Be7 5. O-O O-O 6. b3 c5 7. e3 Nc6 8. Bb2 b6 9. Nc3 Bb7 10. Ne2 Rc8 11. Nf4 dxc4 12. bxc4 Nb4 13. a3 Nc6 14.
Qe2 Na5 15. Rac1 Ne4 16. d4 cxd4 17. exd4 Nd6 18. d5 exd5 19. Nh5 d4 20. Bxd4 Nf5 21.
Ba1 g6 22. Bh3 Qd7 23. Ne5 Qe6 24. Nf4 Qd6 25. Rcd1 Qc5 26. Nd7 Qxa3 27. Bxf5 gxf5 28.
Nxf8 Rxf8 29. Qe5 f6 30. Qe6+ Kh8 31. Rd7 Bc8 32. Qxe7 Qxe7 33. Rxe7 1-0

[Event "Late-Titled-Tuesday-Blitz-February-13-2024"]
[Site "Chess.com"]
[Date "2024.02.13"]
[Round "3"]
[White "AradNazari"]
[Black "IngOscarArdila"]
[Result "1-0"]
[WhiteElo "2770"]
[BlackElo "2323"]
[TimeControl "180+1"]
[EndTime "14:27:44 PST"]
[Termination "AradNazari won by resignation"]

1. e4 e5 2. f4 d5 3. exd5 e4 4.
d3 Nf6 5. dxe4 Nxe4 6. Nf3 Bc5 7. Qe2 f5 8. Nc3 O-O 9. Nxe4 fxe4 10. Qxe4 Bf5 11.
Qc4 Bd6 12. Be3 Re8 13. Kf2 Nd7 14. Bd3 Qf6 15. Bd4 Bxd3 16. Qxd3 Qxf4 17. Rae1 Nc5 18.
Bxc5 Bxc5+ 19. Kf1 Rxe1+ 20. Kxe1 Re8+ 21. Kd1 Re3 22. Qb5 Qd6 23. Kc1 Qxd5 24. Rd1 Qf5 25. Rd8+ Kf7 26. Qc4+ Ke7 27. Rd5 Qe4 28. Qxc5+ Kf7 29.
Ng5+ 1-0

[Event "Late-Titled-Tuesday-Blitz-February-13-2024"]
[Site "Chess.com"]
[Date "2024.02.13"]
[Round "3"]
[White "Championnn-9"]
[Black "Teidi96"]
[Result "0-1"]
[WhiteElo "2536"]
[BlackElo "2288"]
[TimeControl "180+1"]
[EndTime "14:27:46 PST"]
[Termination "Teidi96 won by resignation"]

1. Nf3 d5 2. g3 e6 3. Bg2 Nf6 4.
O-O Be7 5. c4 O-O 6. cxd5 exd5 7. d4 c6 8. Nc3 a5 9. Qc2 Bg4 10. Ne5 Nbd7 11. Nxg4 Nxg4 12. e4 dxe4 13. Nxe4 Ngf6 14.
Be3 Nxe4 15. Qxe4 Nf6 16. Qf5 Nd5 17. Rfe1 g6 18. Qe4 Bf6 19. Bh6 Re8 20. Qg4 Qd6 21. h4 Nb4 22. Rxe8+ Rxe8 23. Rd1 Nd5 24. h5 Bg7 25.
Bc1 Qe6 26. Qf3 Qe2 27. Qb3 Qxh5 28. Bf3 Qf5 29. Bxd5 Qxd5 30. Qxb7 Bxd4 31. Rf1 Qf3 32. Bd2 Qxg3+ 33. Kh1 Qh3+ 34. Kg1 Re4 35. Qc8+ Qxc8 0-1

[Event "Late-Titled-Tuesday-Blitz-February-13-2024"]
[Site "Chess.com"]
[Date "2024.02.13"]
[Round "3"]
[White "ValeriyGrinev"]
[Black "Viktor_Poddubnyi"]
[Result "0-1"]
[WhiteElo "2532"]
[BlackElo "2278"]
[TimeControl "180+1"]
[EndTime "14:27:46 PST"]
[Termination "Viktor_Poddubnyi won by checkmate"]

1. e4 g6 2. d4 Bg7 3. c4 Nc6 4. d5 Nd4 5. f4 c5 6. Nc3 d6 7. h3 e6 8. g3 exd5 9. exd5 Nf6 10.
Kf2 O-O 11. Bd3 Bf5 12. Nf3 Re8 13. g4 Ne4+ 14. Nxe4 Bxe4 15. Bxe4 Rxe4 16. Nxd4 Bxd4+ 17. Kf3 Qh4 18. Rh2 Rae8 19. Bd2 Be3 20. Be1 Rxf4+ 21. Kg2 Qf6 22. Bg3 Rxc4 23. b3 Rd4 24. Qf1 Qxf1+ 25. Kxf1 Rxd5 26. Re2 Re6 27. Rae1 Rd3 28. Kg2 d5 29.
Bb8 a6 30. Ba7 b6 31. Bb8 d4 32. Bg3 Kg7 33. h4 Re4 34. h5 Rxg4 35. Kf3 gxh5 36. Be5+ f6 37. Bc7 Bd2+ 38. Re3 Rxe3+ 39. Rxe3 Bxe3 40. Bxb6 Rg5 41. Bc7 h4 42. Bd6 h3 43.
b4 cxb4 44. Ke2 Rg2+ 45. Kd3 h2 46. Bxh2 Rxh2 47. a3 bxa3 48. Kc4 a2 49. Kd3 a1=Q 50.
Ke4 d3 51. Kd5 d2 52. Ke6 d1=Q 53. Ke7 Qe5# 0-1

[Event "Late-Titled-Tuesday-Blitz-February-13-2024"]
[Site "Chess.com"]
[Date "2024.02.13"]
[Round "3"]
[White "tptagain"]
[Black "cthulhuuu"]
[Result "1-0"]
[WhiteElo "2860"]
[BlackElo "2463"]
[TimeControl "180+1"]
[EndTime "14:27:47 PST"]
[Termination "tptagain won by resignation"]

1. Nf3 Nf6 2. b3 g6 3. Bb2 Bg7 4. g3 O-O 5. Bg2 d6 6. O-O e5 7. c4 Nbd7 8. Nc3 Re8 9. d3 c6 10. Rc1 Nc5 11. b4 Ne6 12. b5 Bd7 13. a4 Nc5 14. Nd2 Rc8 15. Nb3 Nxb3 16. Qxb3 Be6 17. e4 Nd7 18. f4 Nc5 19. Qc2 exf4 20. gxf4 Qh4 21. Nd1 Bxb2 22. Nxb2 Bh3 23. Qf2 Qxf2+ 24. Rxf2 Bxg2 25. Kxg2 f5 26. exf5 gxf5 27. d4 Nb3 28. Rd1 Re4 29. d5 c5 30. Rd3 Nd4 31. Nd1 Kf7 32. Kf1 Rce8 33. Nc3 Re3 34. Rxe3 Rxe3 35. Ne2 Rc3 36. Nxc3 1-0

[Event "Late-Titled-Tuesday-Blitz-February-13-2024"]
[Site "Chess.com"]
[Date "2024.02.13"]
[Round "3"]
[White "Ducke13"]
[Black "GlavkonVVS"]
[Result "0-1"]
[WhiteElo "2345"]
[BlackElo "2568"]
[TimeControl "180+1"]
[EndTime "14:27:48 PST"]
[Termination "GlavkonVVS won by checkmate"]

1. d4 Nf6 2. g3 g6 3. Bg2 Bg7 4. e4 d6 5. Ne2 O-O 6. O-O Nbd7 7. Nbc3 e5 8. a4 a6 9. h3 c6 10. a5 Qc7 11. Be3 Re8 12. Qd2 exd4 13. Bxd4 Nc5 14.
e5 Rxe5 15. Bxe5 dxe5 16. g4 Be6 17. Ng3 Rd8 18. Qe2 Rd4 19. Rfe1 Nfd7 20. Nce4 Bc4 21. Qe3 Ne6 22. b3 Bd5 23. c3 Bxe4 24. Nxe4 Rd5 25.
b4 Nf4 26. Rad1 h6 27. h4 Qd8 28. g5 hxg5 29. hxg5 Nf8 30. Nf6+ Bxf6 31. Bxd5 cxd5 32. gxf6 Qxf6 33. Qxe5 Qh4 34. Re3 Qg4+ 35. Kf1 Qxd1+ 36. Re1 Qd3+ 37. Kg1 Qf3 38. Qg5 Nh3+ 39. Kh2 Nxg5 40.
Re8 Qxf2+ 41. Kh1 Nf3 42. Rxf8+ Kxf8 43. b5 Qh2# 0-1

[Event "Late-Titled-Tuesday-Blitz-February-13-2024"]
[Site "Chess.com"]
[Date "2024.02.13"]
[Round "3"]
[White "Defenstrator"]
[Black "tarno17"]
[Result "1-0"]
[WhiteElo "2361"]
[BlackElo "2118"]
[TimeControl "180+1"]
[EndTime "14:27:50 PST"]
[Termination "Defenstrator won on time"]

1. e3 d5 2. d4 e6 3. c4 Nf6 4.
Nc3 Be7 5. Bd3 O-O 6. g4 dxc4 7. Bxc4 b5 8. Bxb5 Bb7 9. Nf3 c5 10. Rg1 Ne4 11. Bd3 Ng5 12. Ne5 f6 13. Nc4 Nf3+ 14. Kf1 Nxh2+ 15. Ke1 Nf3+ 16. Kf1 Nxg1 17. Kxg1 cxd4 18. exd4 Nc6 19. d5 exd5 20. Nxd5 Kh8 21. Qf3 Ne5 22. Nxe5 fxe5 23. Qh3 h6 24. Nxe7 Qxe7 25.
Bxh6 Rf3 26. Bxg7+ Kxg7 27. Qh7+ Kf8 28. Qh8+ Kf7 29.
Bc4+ Kg6 30. Qh5+ Kg7 31. Re1 Qf6 32. Rxe5 Rxf2 33. Rg5+ Kf8 34. Rg8+ Ke7 35. Qc5+ Kd7 36. Bb5+ Bc6 37. Bxc6+ Qxc6 38. Rg7+ Kd8 39. Qxc6 1-0

[Event "Late-Titled-Tuesday-Blitz-February-13-2024"]
[Site "Chess.com"]
[Date "2024.02.13"]
[Round "3"]
[White "platy3"]
[Black "CarlosjPineror"]
[Result "1-0"]
[WhiteElo "2936"]
[BlackElo "2698"]
[TimeControl "180+1"]
[EndTime "14:27:51 PST"]
[Termination "platy3 won by checkmate"]

1. e4 c5 2. Nf3 e6 3. d4 cxd4 4. Nxd4 a6 5. c4 Qc7 6. Nc3 Nf6 7. Be2 Be7 8. O-O d6 9. Be3 b6 10. Rc1 Bb7 11. f3 Nbd7 12. b4 O-O 13. Kh1 Rac8 14. Nb3 Qb8 15. a3 Bd8 16. Qd2 Bc7 17. Rfd1 Rfd8 18. Bf1 Qa8 19. Bf4 Nf8 20. Qe1 Ng6 21. Be3 d5 22. exd5 exd5 23. c5 Re8 24. Qd2 d4 25.
Bxd4 Rcd8 26. cxb6 Bf4 27. Qf2 Bxc1 28. Rxc1 Nd5 29.
Ne4 Ndf4 30. Nbc5 Rxe4 31. fxe4 Bxe4 32. Be3 Ne6 33. Nxe6 fxe6 34. Qg3 Rf8 35. Kg1 Qd5 36. Bc4 Qh5 37. Bxe6+ Kh8 38. Bg4 Qb5 39. Qd6 Ne5 40.
Qxf8# 1-0

[Event "Late-Titled-Tuesday-Blitz-February-13-2024"]
[Site "Chess.com"]
[Date "2024.02.13"]
[Round "3"]
[White "Jarrahi2452"]
[Black "Grindaveci"]
[Result "1-0"]
[WhiteElo "2819"]
[BlackElo "2447"]
[TimeControl "180+1"]
[EndTime "14:27:52 PST"]
[Termination "Jarrahi2452 won by checkmate"]

1. d4 d5 2. c4 e6 3. Nc3 Nf6 4. cxd5 exd5 5. Bg5 c6 6. e3 Bd6 7. Bd3 O-O 8. Nge2 Nbd7 9. Qc2 h6 10. Bf4 Qe7 11. O-O Re8 12. h3 Nf8 13. a3 Ne4 14. Bxe4 Bxf4 15. Nxf4 dxe4 16. d5 Bd7 17. Rfd1 Qe5 18.
dxc6 Bxc6 19. Nfd5 Rad8 20. Nb4 Rc8 21. Rd4 f5 22. Qb3+ Qe6 23. Qd1 a5 24. Nbd5 Qe5 25. Qb3 Kh7 26. Rad1 Ne6 27. Nb6 Nxd4 28. exd4 Qd6 29.
Nxc8 Rxc8 30. d5 Bd7 31. Nb5 Qb6 32. a4 Rc5 33. d6 Qc6 34. Qe3 Rd5 35. Rc1 Qa6 36. Nc7 Qxd6 37. Nxd5 Qxd5 38. Qc5 Qb3 39. Qe7 Bc6 40. Qe5 Qf7 41. Rc5 g6 42. Rxa5 h5 43. Ra8 Qc4 44. Rh8# 1-0

[Event "Late-Titled-Tuesday-Blitz-February-13-2024"]
[Site "Chess.com"]
[Date "2024.02.13"]
[Round "3"]
[White "AungTZ"]
[Black "Actuary44"]
[Result "0-1"]
[WhiteElo "2043"]
[BlackElo "2531"]
[TimeControl "180+1"]
[EndTime "14:27:52 PST"]
[Termination "Actuary44 won on time"]

1. e4 b6 2. d4 Bb7 3. Nc3 e6 4. Nf3 Nf6 5. Bd3 d5 6. e5 Nfd7 7. Ne2 c5 8. c3 Nc6 9. O-O Qc7 10. a3 O-O-O 11. Bb5 h6 12. a4 f5 13. Nf4 Re8 14. Ng6 Rg8 15. b4 c4 16. a5 Be7 17. axb6 axb6 18.
Ba3 Ndb8 19. Bxc6 Bxc6 20. b5 Bxa3 21. Rxa3 Bxb5 22. Qb1 Bc6 23. Qb4 b5 24. Rfa1 Qf7 25. Nfh4 Qd7 26. Ra7 Bb7 27. Qc5+ Nc6 28. R7a3 b4 29.
cxb4 Qc7 30. b5 Nb8 31. Qb4 Kd8 32. Ra7 Qb6 0-1

[Event "Late-Titled-Tuesday-Blitz-February-13-2024"]
[Site "Chess.com"]
[Date "2024.02.13"]
[Round "3"]
[White "DraningWaterHi"]
[Black "Misterfox120"]
[Result "1/2-1/2"]
[WhiteElo "2211"]
[BlackElo "2416"]
[TimeControl "180+1"]
[EndTime "14:27:52 PST"]
[Termination "Game drawn by agreement"]

1. d4 d5 2. c4 e6 3. Nf3 a6 4. Nbd2 Nf6 5. g3 c5 6. cxd5 Nxd5 7.
dxc5 Bxc5 8. Qb3 O-O 9. Bg2 Qb6 10. O-O Nc6 11. e4 Nf6 12. Qxb6 Bxb6 13. Re1 Ng4 14. Re2 Bd7 15. h3 Nge5 16. Kh2 Nd3 17. Nc4 Ba7 18.
Be3 b5 19. Bxa7 bxc4 20. Be3 Rab8 21. Rb1 Rfc8 22. Nd4 Nxd4 23. Bxd4 e5 24. Bc3 Rb7 25.
Rd2 Rcc7 26. Bf1 Be6 27. Bxd3 cxd3 28. Rxd3 Rd7 29. Rxd7 Rxd7 30. a3 f6 31. h4 Kf7 32.
Re1 Bb3 33. Re2 Ke6 34. Rd2 Rxd2 35. Bxd2 h5 36. f3 g6 37. Kg2 Kd6 38. Kf2 Bc4 39. Bb4+ Ke6 40. Ke3 Kf7 41. f4 Ke6 42. fxe5 Kxe5 43.
Bc3+ Ke6 44. Kf4 Bd3 45. e5 fxe5+ 46. Bxe5 Kd5 47. Bc3 Kc4 48. Ke5 Kb5 49. Kd4 Bf5 50. Ke3 a5 51. b3 Bc2 52. a4+ Ka6 53. b4 axb4 54. Bxb4 Bxa4 55. Kf4 Bc2 1/2-1/2

[Event "Late-Titled-Tuesday-Blitz-February-13-2024"]
[Site "Chess.com"]
[Date "2024.02.13"]
[Round "3"]
[White "mbojan"]
[Black "Hikaru"]
[Result "0-1"]
[WhiteElo "2849"]
[BlackElo "3334"]
[TimeControl "180+1"]
[EndTime "14:27:53 PST"]
[Termination "Hikaru won on time"]

1. d4 g6 2. c4 Bg7 3. Nc3 c5 4. Nf3 Nc6 5. d5 Na5 6. e4 d6 7.
h3 e5 8. Bd3 Ne7 9. g4 Bd7 10.
Qe2 a6 11. Be3 Rb8 12. b3 Qc7 13. Nd2 O-O 14. f3 f5 15. gxf5 gxf5 16. Rg1 f4 17.
Bf2 Kh8 18. h4 Nc8 19. a4 Be8 20. Kd1 Na7 21. Kc2 Bf6 22. Ndb1 Qe7 23. Na3 Nc8 24.
Kb2 Bh5 25. Nc2 Qd8 26. Na3 Nb6 27. Rg2 Na8 28. Rag1 Nc7 29. Ka2 Ra8 30. Qd2 b6 31.
Qe2 Qd7 32. Kb2 Qh3 33. Qd2 Bxf3 34. Bf1 Bxg2 35. Rxg2 Qd7 36. Be2 Rg8 37. Rxg8+ Rxg8 38. Bf3 Qh3 39. Qe2 Bxh4 40. Bxh4 Qxh4 41. Nc2 Rg3 42. Ne1 Ne8 43. Qf2 Nf6 44. Ne2 Nxe4 45.
Qf1 Nd2 46. Qf2 Rh3 47. Qg2 Rh2 0-1

[Event "Late-Titled-Tuesday-Blitz-February-13-2024"]
[Site "Chess.com"]
[Date "2024.02.13"]
[Round "3"]
[White "Attacker_2006"]
[Black "lucasran"]
[Result "0-1"]
[WhiteElo "2479"]
[BlackElo "2671"]
[TimeControl "180+1"]
[EndTime "14:27:54 PST"]
[Termination "lucasran won by resignation"]

1. e4 c6 2. Nf3 d5 3. exd5 cxd5 4.
d4 Nc6 5. h3 Nf6 6. Bd3 g6 7.
O-O Bg7 8. c3 O-O 9. Bf4 Bf5 10.
Bxf5 gxf5 11. Re1 e6 12. Nbd2 Ne4 13. Nxe4 fxe4 14. Ne5 Rc8 15. Qg4 f5 16. Qg3 Kh8 17.
Nxc6 Rxc6 18. Be5 Bxe5 19. Qxe5+ Qf6 20. Qf4 Rg8 21. Re3 Qg5 22. Qe5+ Qg7 23. Qxg7+ Rxg7 24. Rg3 Rxg3 25. fxg3 Rb6 26. b3 Rc6 27. Rc1 b5 28.
a3 Kg7 29. Kf2 Kf6 30. Ke3 Kg5 31. Kd2 h5 32. Rf1 h4 33. g4 fxg4 34. hxg4 Kxg4 35.
Rf7 Kg3 36. Rg7+ Kf2 37. Rg4 e3+ 38. Kd3 e2 39. Rf4+ Kg3 40. Rf3+ Kxg2 41. Re3 Kf1 42. Rf3+ Ke1 43. Re3 Kd1 44. Re5 0-1

[Event "Late-Titled-Tuesday-Blitz-February-13-2024"]
[Site "Chess.com"]
[Date "2024.02.13"]
[Round "3"]
[White "FM_Kappeler"]
[Black "Witik"]
[Result "0-1"]
[WhiteElo "2259"]
[BlackElo "2651"]
[TimeControl "180+1"]
[EndTime "14:27:54 PST"]
[Termination "Witik won by checkmate"]

1. d4 Nf6 2. c4 e6 3. g3 d5 4. Bg2 Bb4+ 5. Bd2 Be7 6. Nf3 O-O 7. O-O Nbd7 8. Na3 Ne4 9. Be3 c6 10. Rc1 f5 11. Nc2 b6 12. b4 Ba6 13. b5 cxb5 14. cxd5 exd5 15. Nd2 Ndf6 16. f3 Nc3 17. Qe1 b4 18. Rf2 Rc8 19. Na1 Nxe2+ 20. Rxe2 Rxc1 21. Qxc1 Bxe2 22. Nab3 a5 23. Qb1 Qd7 24. Bh3 g6 25. Kf2 Ba6 26. Bf4 Bd6 27. Bh6 Re8 28. Bf1 Bxf1 29.
Nxf1 f4 30. gxf4 Qe6 31. Qc2 Qe1+ 32. Kg1 Re2 33. Qc8+ Ne8 34. Qd7 Qf2+ 35. Kh1 Qxf1# 0-1

[Event "Late-Titled-Tuesday-Blitz-February-13-2024"]
[Site "Chess.com"]
[Date "2024.02.13"]
[Round "3"]
[White "KnobbedHornbill"]
[Black "Elsa167"]
[Result "0-1"]
[WhiteElo "2516"]
[BlackElo "2881"]
[TimeControl "180+1"]
[EndTime "14:27:55 PST"]
[Termination "Elsa167 won by resignation"]

1. d4 f5 2. c4 Nf6 3. Nf3 e6 4. e3 b6 5. Bd3 Bb7 6. O-O Be7 7.
Nc3 O-O 8. Re1 Bb4 9. Bd2 d6 10. Nb1 Bxd2 11. Nbxd2 Nbd7 12. Qc2 Qe7 13. e4 fxe4 14.
Nxe4 Nxe4 15. Bxe4 Bxe4 16. Qxe4 Rae8 17. Re2 Nf6 18. Qd3 Nh5 19. g3 Qf6 20. Re3 g6 21. Rae1 Ng7 22. Kg2 Re7 23. d5 e5 24. R3e2 Nf5 25.
b4 Ref7 26. Nd2 Nd4 27. Ne4 Qf5 28. Re3 g5 29. h3 h5 30. c5 g4 31. cxd6 cxd6 32.
hxg4 hxg4 33. Rh1 Qg6 34. Qd1 Rf3 35. Qd3 Nf5 36. Rxf3 gxf3+ 37. Qxf3 Nh4+ 38. Rxh4 Rxf3 39. Kxf3 Kf8 40. Kg2 Ke7 41. a4 a5 42. bxa5 bxa5 43.
f3 Qf7 44. Rg4 Qxd5 45. Rg8 Qxg8 0-1

[Event "Late-Titled-Tuesday-Blitz-February-13-2024"]
[Site "Chess.com"]
[Date "2024.02.13"]
[Round "3"]
[White "titomagno_64"]
[Black "ATM622"]
[Result "0-1"]
[WhiteElo "2202"]
[BlackElo "2496"]
[TimeControl "180+1"]
[EndTime "14:27:55 PST"]
[Termination "ATM622 won on time"]

1. d4 Nf6 2. c4 e6 3. Nf3 d5 4. g3 dxc4 5. Qa4+ Bd7 6. Qxc4 Bc6 7. Bg2 Nbd7 8. O-O Bd5 9. Qd3 Be4 10. Qd1 c5 11. Nc3 Bc6 12. Re1 Be7 13. e4 cxd4 14.
Nxd4 Ne5 15. Bf4 Nfd7 16. Nxc6 Nxc6 17. Bd6 Bxd6 18. Qxd6 Nde5 19. Nb5 Qxd6 20. Nxd6+ Ke7 21. Red1 Rhd8 22. Nb5 a6 23. Nc3 Nd4 24. Kf1 Rac8 25. Rac1 Nc4 26. b3 Ne5 27. h3 g5 28. f4 gxf4 29.
gxf4 Ng6 30. f5 Nf4 31. fxe6 fxe6 32. e5 Nxg2 33. Kxg2 Rg8+ 34. Kf2 Rcf8+ 35. Ke1 Rg1+ 36. Kd2 Rg2+ 37. Ke3 Nf5+ 38. Ke4 Ng3+ 39. Ke3 Nf5+ 40. Ke4 Rf2 0-1

[Event "Late-Titled-Tuesday-Blitz-February-13-2024"]
[Site "Chess.com"]
[Date "2024.02.13"]
[Round "3"]
[White "johnmez"]
[Black "PNEPaul"]
[Result "1-0"]
[WhiteElo "2282"]
[BlackElo "1899"]
[TimeControl "180+1"]
[EndTime "14:27:55 PST"]
[Termination "johnmez won on time"]

1. d4 a6 2. e4 d6 3. c4 g6 4. f4 h6 5. Nf3 Bg7 6. Nc3 Nd7 7. Be2 e6 8. O-O Ne7 9. Be3 O-O 10. Qd2 Kh7 11. Rad1 f5 12. e5 Qe8 13.
Rfe1 b6 14. d5 exd5 15. e6 Nc5 16. cxd5 Bb7 17. Bxc5 bxc5 18. Bc4 Rd8 19. h4 c6 20. Qd3 cxd5 21. Nxd5 Nxd5 22. Bxd5 Bxd5 23. Qxd5 Qe7 24.
b3 Bf6 25. h5 Rg8 26. Re2 gxh5 27. Qxf5+ Kh8 28. Qxh5 Qg7 29. Rde1 Bd4+ 30. Nxd4 Qxd4+ 31.
Kh1 Qg7 32. Qh3 Rde8 33. f5 Qf6 34. e7 Rg5 35. Re6 Qg7 36. Rxh6+ Kg8 37. f6 1-0

[Event "Late-Titled-Tuesday-Blitz-February-13-2024"]
[Site "Chess.com"]
[Date "2024.02.13"]
[Round "3"]
[White "lucliasco"]
[Black "Grischuk"]
[Result "1/2-1/2"]
[WhiteElo "2843"]
[BlackElo "3094"]
[TimeControl "180+1"]
[EndTime "14:27:56 PST"]
[Termination "Game drawn - insufficient material"]

1. e4 e5 2. Nf3 Nc6 3. Nc3 Nf6 4.
d4 exd4 5. Nxd4 Bb4 6. Nxc6 bxc6 7. Bd3 d5 8. Bd2 O-O 9. O-O Rb8 10. Re1 Re8 11. b3 h6 12. exd5 Rxe1+ 13. Qxe1 cxd5 14. Na4 Bd6 15. h3 c5 16. c4 d4 17. Qc1 Qc7 18. Qc2 Bb7 19. Re1 Qc6 20. Bf1 Ne4 21. Nb2 Re8 22.
Nd3 Qc7 23. Bc1 Re6 24. f3 Bh2+ 25. Kh1 Ng3+ 26. Kxh2 Nxf1+ 27. Kg1 Rxe1 28. Nxe1 Ng3 29. Nd3 Nf5 30. Qe2 a5 31. Bf4 Qc8 32. Qe5 Nh4 33.
Bg3 Nf5 34. Bf2 a4 35. Qxc5 Qe6 36. Qe5 Qxe5 37. Nxe5 axb3 38. axb3 f6 39. Nd3 Kf7 40. g4 Ne7 41. Bxd4 Bxf3 42. Kf2 Bd1 43. b4 h5 44. b5 hxg4 45. hxg4 Bxg4 46. c5 Bd7 47. c6 Bxc6 48.
bxc6 Nxc6 49. Bc3 Ne5 50. Bxe5 fxe5 51. Nxe5+ Ke6 52. Nf3 g5 53. Nxg5+ 1/2-1/2

[Event "Late-Titled-Tuesday-Blitz-February-13-2024"]
[Site "Chess.com"]
[Date "2024.02.13"]
[Round "3"]
[White "chenxiaoyuer"]
[Black "BogdanDeac"]
[Result "0-1"]
[WhiteElo "2757"]
[BlackElo "3011"]
[TimeControl "180+1"]
[EndTime "14:27:56 PST"]
[Termination "BogdanDeac won by checkmate"]

1. e4 c6 2. d4 d5 3. Nd2 Qc7 4. Ngf3 Bg4 5. h3 Bh5 6. Be2 e6 7. O-O Nf6 8. e5 Nfd7 9. c3 c5 10. Nh4 Bxe2 11. Qxe2 Nc6 12. Nb3 Qb6 13. Be3 cxd4 14.
cxd4 a5 15. Rad1 Be7 16. Qg4 g6 17. Nf3 a4 18. Nbd2 Qxb2 19. Rb1 Qxa2 20. Rxb7 Na5 21.
Rb5 Nc4 22. Rfb1 Nxe3 23. fxe3 a3 24. Rb7 Qc2 25. e4 a2 26. Ra1 Qc3 27. Nb3 Qc6 28. Rxd7 Qxd7 29. Nfd2 Qc6 30. Qe2 O-O 31. Nf1 Rfb8 32.
Nc1 Rb1 33. Rxa2 Rxc1 34. Rxa8+ Qxa8 35. Qb5 Qa1 36. Qe8+ Bf8 37. Kh2 Rxf1 38. exd5 Qxd4 39. Qb8 Qf4+ 40. g3 Rf2+ 41. Kh1 Qf3+ 42. Kg1 Qxg3+ 43.
Kh1 Qxh3+ 44. Kg1 Qg3+ 45. Kh1 Qf3+ 46. Kg1 Rg2+ 47. Kh1 Rb2+ 48. Kg1 Rxb8 49. dxe6 Bc5+ 50. Kh2 Rb2# 0-1

[Event "Late-Titled-Tuesday-Blitz-February-13-2024"]
[Site "Chess.com"]
[Date "2024.02.13"]
[Round "3"]
[White "TheoSlade"]
[Black "Cosi43"]
[Result "0-1"]
[WhiteElo "2424"]
[BlackElo "2616"]
[TimeControl "180+1"]
[EndTime "14:27:56 PST"]
[Termination "Cosi43 won by checkmate"]

1. d4 d5 2. c4 Nc6 3. cxd5 Qxd5 4. e3 e5 5. Nc3 Bb4 6. a3 Bxc3+ 7. bxc3 Nf6 8. c4 Qd6 9. d5 Nb8 10. a4 Nbd7 11.
Ba3 Nc5 12. Ne2 O-O 13. Nc3 a6 14. e4 b6 15. Bd3 Bg4 16. f3 Bd7 17. O-O Nh5 18. Rf2 Qg6 19. Bf1 Nf4 20. Kh1 f5 21. exf5 Bxf5 22. Bxc5 bxc5 23. Rb2 Rab8 24. Raa2 Rb4 25.
Qe1 Rfb8 26. Qf2 Bd3 27. Rxb4 cxb4 28. Nd1 b3 29. Rb2 Bxf1 30. Qxf1 Nd3 31. Rd2 b2 32.
Nc3 Nc1 33. Rd1 Qc2 34. Qe1 Nd3 35. Qf1 Qxc3 36. Qxd3 Qxd3 37. Rxd3 b1=Q+ 38. Rd1 Qxd1# 0-1

[Event "Late-Titled-Tuesday-Blitz-February-13-2024"]
[Site "Chess.com"]
[Date "2024.02.13"]
[Round "3"]
[White "albi1999"]
[Black "EsmeraldasAnderson03"]
[Result "0-1"]
[WhiteElo "2593"]
[BlackElo "2433"]
[TimeControl "180+1"]
[EndTime "14:27:56 PST"]
[Termination "EsmeraldasAnderson03 won on time"]

1. Nf3 d5 2. c4 e6 3. g3 Nf6 4.
Bg2 Be7 5. O-O O-O 6. b3 c5 7. cxd5 exd5 8. d4 b6 9. Nc3 Bb7 10. Bb2 Nbd7 11. Rc1 Rc8 12. dxc5 bxc5 13. Nh4 Re8 14. Nf5 Bf8 15. Nxd5 Nxd5 16. Bxd5 Bxd5 17. Qxd5 Rxe2 18. Bc3 Nb6 19. Qf3 Rxa2 20. Nh6+ gxh6 21. Bf6 Qd7 22. Rcd1 Qh3 23. Rfe1 Bg7 24. Re7 Rf8 25.
Rd6 Nc8 26. Bxg7 Nxd6 27. Be5 Nf5 28. Rd7 Nd4 29. Rxd4 cxd4 30. Bxd4 Qe6 31. Qf4 Re2 32. Bc3 Re4 0-1